Map: Ulrena

Players

Miszu - Winner!

  • Race: Terran Terran
  • League: Master

Mazi

  • Race: Terran Terran
  • League: Master

VOD

Have the link to the VOD?

Description

Time

  • Played on: April 17, 2016, 2:57 p.m.
  • Length: 9:54
Show
View Real Time Build Order
Export as new Build Order

Miszu Terran - Winner!

Build Orders: 1/1/1, MMM Bio 

Get SALT Encoding   

  12  0:00  SCV  
  13  0:12  SCV  
  14  0:18  Supply Depot  
  14  0:24  SCV  
  15  0:31  Refinery  
  15  0:39  SCV  
  16  0:46  Barracks  
  16  0:51  SCV  
  17  1:03  SCV  
  18  1:16  SCV  
  19  1:33  Marine, Orbital Command  
  19  1:34  Factory  
  19  1:39  Supply Depot  
  20  1:51  Marine  
  21  1:58  SCV  
  22  2:09  Marine  
  22  2:10  SCV  
  24  2:18  Starport  
  24  2:19  Hellion  
  24  2:22  Supply Depot  
  26  2:23  SCV  
  26  2:27  Marine  
  28  2:35  SCV  
  29  2:40  Hellion  
  31  2:45  Supply Depot, Marine  
  32  2:56  SCV  
  32  2:57  Medivac  
  32  2:58  Engineering Bay  
  34  3:02  Marine, Hellion  
  37  3:11  SCV  
  37  3:12  Refinery  
  38  3:20  Marine  
  38  3:23  Hellion  
  41  3:33  Missile Turret  
  41  3:37  Viking  
  44  3:46  Barracks Reactor  
  43  3:51  Missile Turret  
  43  3:53  Factory Tech Lab  
  43  3:54  SCV  
  44  4:06  SCV  
  45  4:18  Viking  
  47  4:27  SCV  
  46  4:40  Command Center  
  46  4:45  SCV  
  45  4:57  SCV  
  45  5:16  SCV  
  45  5:21  Marine x2  
  45  5:26  Barracks  
  45  5:27  Barracks  
  45  5:28  Supply Depot, Siege Tank  
  50  5:37  Viking  
  50  5:40  SCV  
  53  5:52  SCV, Orbital Command  
  54  6:04  SCV  
  54  6:11  Orbital Command  
  53  6:15  Marine  
  53  6:16  Marine  
  53  6:17  Barracks Tech Lab x2  
  51  6:21  Siege Tank  
  51  6:22  SCV  
  53  6:29  Starport Reactor  
  53  6:34  SCV  
  53  6:37  SCV  
  55  6:46  SCV  
  56  6:49  SCV  
  57  6:56  Combat Shields  
  57  6:57  Stimpack  
  57  6:59  SCV  
  57  7:00  Marine  
  57  7:01  SCV  
  60  7:02  Supply Depot, Marine x3  
  60  7:04  Terran Infantry Weapons Level 1  
  63  7:12  SCV  
  63  7:13  SCV  
  65  7:17  Siege Tank  
  65  7:18  Marine  
  65  7:20  Medivac x2, Marauder  
  75  7:24  SCV  
  75  7:25  SCV  
  75  7:29  Supply Depot  
  77  7:32  Marauder  
  77  7:36  SCV  
  80  7:37  SCV  
  80  7:41  Command Center  
  81  7:46  Marine x2, Marauder  
  81  7:48  SCV  
  81  7:50  SCV  
  87  7:51  Refinery  
  87  7:52  Supply Depot  
  87  7:58  Marauder  
  89  8:00  SCV  
  89  8:02  Refinery, SCV  
  89  8:03  Marine  
  92  8:09  Barracks x2  
  92  8:12  SCV  
  92  8:14  SCV  
  94  8:24  Marine x3, Marauder  
  94  8:25  Medivac  
  101  8:27  SCV  
  102  8:37  Engineering Bay  
  102  8:39  Armory  
  102  8:45  Supply Depot, Medivac, SCV x2  
  102  8:48  Supply Depot  
  106  8:53  Barracks  
  106  8:55  Barracks  
  106  8:56  Orbital Command  
  106  8:57  SCV  
  106  8:59  SCV  
  108  9:09  SCV  
  111  9:10  Marine, Marauder  
  111  9:11  SCV  
  113  9:18  Marauder  
  113  9:19  Marine  
  116  9:27  Marine  
  116  9:31  Marauder  
  119  9:36  Barracks  
  119  9:37  Barracks  
  120  9:38  Barracks  
Show
View Real Time Build Order
Export as new Build Order

Mazi Terran 

Build Orders: 1/1/1, Mech, Banshee Rush 

Get SALT Encoding   

  12  0:01  SCV  
  13  0:13  SCV  
  14  0:17  Supply Depot  
  14  0:25  SCV  
  15  0:33  Refinery  
  15  0:39  SCV  
  16  0:45  Barracks  
  16  0:51  SCV  
  17  1:03  SCV  
  18  1:15  SCV  
  19  1:31  Marine  
  19  1:32  Orbital Command  
  20  1:33  Factory  
  20  1:37  Supply Depot  
  20  1:49  Marine  
  20  1:52  Refinery  
  21  1:57  SCV  
  22  2:07  Marine  
  23  2:09  SCV  
  24  2:18  Hellion  
  24  2:20  Starport  
  24  2:21  SCV  
  27  2:26  Barracks Tech Lab  
  27  2:34  SCV  
  28  2:39  Supply Depot  
  28  2:41  Hellion  
  30  2:46  SCV  
  31  3:01  SCV  
  31  3:03  Cloaking Field  
  31  3:04  Banshee  
  35  3:15  Supply Depot  
  35  3:16  SCV  
  35  3:19  Engineering Bay  
  36  3:28  SCV  
  36  3:32  Factory Tech Lab  
  36  3:33  Barracks Reactor  
  37  3:40  SCV  
  38  3:46  Missile Turret  
  38  3:50  Raven, Missile Turret  
  40  4:04  Command Center  
  40  4:16  Siege Tank  
  40  4:17  Marine x2  
  45  4:24  Supply Depot  
  38  4:37  Marine x2  
  39  4:43  Supply Depot  
  39  4:44  SCV  
  40  4:51  Siege Tank  
  43  5:01  Marine x2  
  43  5:02  SCV  
  43  5:05  Supply Depot  
  43  5:21  Viking  
  43  5:22  SCV  
  46  5:38  Siege Tank  
  46  5:41  Factory  
  49  5:43  SCV  
  49  5:48  Missile Turret  
  50  5:52  Orbital Command  
  44  6:13  SCV  
  42  6:21  SCV  
  42  6:25  SCV  
  44  6:27  Factory  
  44  6:33  SCV  
  44  6:37  SCV  
  44  6:39  Starport Reactor  
  46  6:42  Barracks  
  46  6:46  SCV, Missile Turret  
  47  6:49  SCV  
  48  6:58  SCV  
  48  7:00  Refinery  
  49  7:01  Refinery, SCV  
  50  7:10  SCV  
  50  7:13  Factory Tech Lab  
  50  7:15  Command Center  
  51  7:16  SCV  
  51  7:22  SCV  
  53  7:24  Viking  
  58  7:30  Siege Tank  
  58  7:32  SCV  
  59  7:38  SCV, Missile Turret  
  60  7:44  Siege Tank  
  60  7:46  SCV  
  60  7:50  SCV  
  65  7:56  Viking  
  67  8:01  Viking  
  67  8:03  SCV  
  67  8:05  SCV  
  71  8:12  Supply Depot  
  71  8:16  Siege Tank  
  71  8:18  SCV  
  71  8:19  SCV  
  76  8:28  Siege Tank  
  76  8:30  SCV  
  76  8:33  Orbital Command  
  80  8:45  SCV  
  80  8:46  Sensor Tower, Armory  
  80  8:47  SCV  
  82  8:51  Siege Tank  
  85  8:57  Viking  
  85  9:02  Supply Depot  
  87  9:03  SCV x2  
  89  9:13  Sensor Tower  
  89  9:14  Siege Tank  
  92  9:17  SCV x2  
  92  9:18  SCV  
  95  9:29  SCV  
Tags
 
Composition
MMM BioMech
Matchup
TvT
Opening
1/1/11/1/1
Race
Terran
Strategy
Banshee Rush
Add a new tag
Caveats
  • Supply blocks, unpowered buildings, or Contaminate may cause inaccurate times.
  • Supply counts are checked every 10 seconds.